 Dungeon Crawl Stone Soup version 0.25-a0-663-gace7076 (webtiles) character file.

Game seed: 12836494218919945459, levelgen mode: deterministic

640 MrTaco21 the Basher (level 7, -2/41 HPs)
             Began as a Gargoyle Fighter on Mar 24, 2020.
             Slain by a killer bee (4 damage)
             ... in the Ecumenical Temple.
             The game lasted 00:04:58 (2955 turns).

MrTaco21 the Basher (Gargoyle Fighter)              Turns: 2955, Time: 00:04:58

Health: -2/41      AC: 15    Str: 22    XL:     7   Next: 51%
Magic:  7/7        EV:  7    Int:  8    God:
Gold:   96         SH:  9    Dex:  9    Spells: 6/6 levels left

rFire    . . .     SeeInvis .   a - +0 flail
rCold    . . .     Gourm    .   c - +0 kite shield
rNeg     + . .     Faith    .   b - +0 scale mail
rPois    ∞         Spirit   .   (no helmet)
rElec    +         Reflect  .   (no cloak)
rCorr    .         Harm     .   (no gloves)
MR       .....                  t - +0 pair of boots
Stlth    ..........             (no amulet)
HPRegen  0.13/turn              p - +3 ring of protection
MPRegen  0.10/turn              (no ring)

@: no status effects
A: negative energy resistance 1, electricity resistance, unbreathing,
petrification resistance, rot immunity, AC +4
a: no special abilities


You were in the Ecumenical Temple.
You were not hungry.

You visited 2 branches of the dungeon, and saw 5 of its levels.

You collected 96 gold pieces.

Inventory:

Hand Weapons
 a - a +0 flail (weapon)
Armour
 b - a +0 scale mail (worn)
 c - a +0 kite shield (worn)
 t - a +0 pair of boots (worn)
   (You found it on level 4 of the Dungeon)
Jewellery
 p - a +3 ring of protection (left hand)
   (You found it on level 2 of the Dungeon)
Scrolls
 g - 3 scrolls of remove curse {unknown}
 h - 2 scrolls of identify {@r1}
 i - a scroll of blinking {unknown}
 k - a scroll of magic mapping {unknown}
 n - 3 scrolls of teleportation {unknown}
 o - a scroll of enchant weapon {unknown}
 r - 2 scrolls of amnesia {unknown}
 s - a scroll of fear {unknown}
Potions
 d - a potion of might
 j - a potion of degeneration {unknown}
 l - 4 potions of curing {unknown}
 m - 3 potions of heal wounds {unknown}
 q - 2 potions of lignification {unknown}
Comestibles
 e - 9 rations {!d}
 f - 3 chunks of flesh


   Skills:
 - Level 3.2 Fighting
 + Level 8.2 Maces & Flails
 - Level 3.2 Armour
 - Level 3.2 Shields


You had 6 spell levels left.
You didn't know any spells.
Your spell library was empty.

Dungeon Overview and Level Annotations

Branches:
Dungeon (4/15)             Temple (1/1) D:4

Altars:
Ashenzari
Cheibriados
Hepliaklqana
Makhleb
Okawaru
Zin


Innate Abilities, Weirdness & Mutations

You are resistant to torment.
Your stone body is resilient. (AC +4)
You are immune to poison.
You resist negative energy. (rN+)
You are resistant to electric shocks. (rElec)
You can survive without breathing.
You are immune to petrification.
You are immune to rotting.


Message History

The killer bee barely misses you.
The killer bee stings you but does no damage.
You block the killer bee's attack.
You closely miss the killer bee. The killer bee stings you.
The killer bee stings you but does no damage.
You block the killer bee's attack.
The killer bee stings you but does no damage.
The killer bee barely misses you. The killer bee stings you.
You hit the killer bee but do no damage.
The killer bee stings you but does no damage.
You block the killer bee's attack.
The killer bee stings you but does no damage.
You block the killer bee's attack. x2
The killer bee stings you but does no damage. x2
Your shield and scale mail prevent you from hitting the killer bee.
You block the killer bee's attack.
The killer bee stings you but does no damage.
You block the killer bee's attack. x2
The killer bee stings you but does no damage.
The killer bee stings you.
* * * LOW HITPOINT WARNING * * *
The killer bee stings you.
* * * LOW HITPOINT WARNING * * *
The killer bee stings you.
* * * LOW HITPOINT WARNING * * *
You block the killer bee's attack. The killer bee closely misses you.
You see here a tubular copper ring.
The killer bee closely misses you.
The killer bee stings you but does no damage.
There is a staircase to the Ecumenical Temple here.
You block the killer bee's attack.
The killer bee stings you but does no damage.
You block the killer bee's attack. The killer bee completely misses you.
The killer bee stings you but does no damage.
The killer bee stings you.
* * * LOW HITPOINT WARNING * * *
You climb downwards.
Welcome to the Ecumenical Temple!
There is a staircase back to the Dungeon here.
Your shield prevents you from hitting the killer bee.
The killer bee stings you but does no damage.
The killer bee stings you.
* * * LOW HITPOINT WARNING * * *
You block the killer bee's attack.
The killer bee stings you but does no damage. x2
The killer bee stings you.
* * * LOW HITPOINT WARNING * * *
You hit the killer bee but do no damage.
The killer bee stings you but does no damage. x2
You block the killer bee's attack. x2; The killer bee stings you.
You die...

.....##+##.....
#.............#
#...........#
#.........#
#.........#
#.⌠...⌠.#
#...y...#
+...@...+
#...yy..#
#.⌠...⌠.#
#.........#
#.........#
#...........#
#.............#
.....##+##.....


You could see 3 killer bees.

Vanquished Creatures
  Grinder (D:3)
  The ghost of abdallah the Ruffian, an amateur VSTm (D:3)
  2 hounds (D:4)
  An iguana (D:2)
  An orc wizard (D:3)
  2 worker ants
  A hound skeleton (D:4)
  7 adders
  A worm (D:3)
  3 dart slugs (D:1)
  3 leopard geckos
  4 orcs (D:3)
  2 giant cockroaches
  5 goblins
  5 hobgoblins
  5 kobolds
  2 quokkas
  A ball python (D:1)
  7 bats
  2 jackal skeletons (D:4)
  A jackal zombie (D:3)
  10 rats
67 creatures vanquished.

Notes
Turn   | Place    | Note
-------+----------+-------------------------------------------
     0 | D:1      | MrTaco21 the Gargoyle Fighter began the quest for the Orb.
     0 | D:1      | Reached XP level 1. HP: 14/14 MP: 1/1
    87 | D:1      | Reached XP level 2. HP: 19/19 MP: 2/2
   371 | D:1      | Reached skill level 3 in Maces & Flails
   770 | D:2      | Found a burning altar of Makhleb.
   845 | D:2      | Reached XP level 3. HP: 20/23 MP: 3/3
   921 | D:2      | Reached skill level 4 in Maces & Flails
   985 | D:2      | Reached XP level 4. HP: 18/28 MP: 4/4
  1082 | D:2      | Found a hazy altar of Hepliaklqana.
  1147 | D:2      | Found a glowing silver altar of Zin.
  1202 | D:2      | Found a snail-covered altar of Cheibriados.
  1524 | D:3      | Found a shattered altar of Ashenzari.
  1567 | D:3      | Found an iron altar of Okawaru.
  1689 | D:3      | Reached skill level 5 in Maces & Flails
  1689 | D:3      | Reached XP level 5. HP: 32/32 MP: 5/5
  2040 | D:3      | Found a runed translucent gate.
  2042 | D:3      | Found a runed translucent gate.
  2043 | D:3      | Found a runed translucent gate.
  2045 | D:3      | Noticed abdallah's ghost (amateur VSTm)
  2181 | D:3      | Noticed Grinder
  2190 | D:3      | Killed Grinder
  2190 | D:3      | Reached skill level 7 in Maces & Flails
  2190 | D:3      | Reached XP level 6. HP: 16/37 MP: 6/6
  2610 | D:3      | Killed abdallah's ghost
  2610 | D:3      | Reached XP level 7. HP: 24/41 MP: 7/7
  2823 | D:4      | Reached skill level 8 in Maces & Flails
  2930 | D:4      | Found a staircase to the Ecumenical Temple.
  2953 | Temple   | Entered the Ecumenical Temple
  2954 | Temple   | HP: 1/41 [killer bee (3)]
  2955 | Temple   | Slain by a killer bee

Levels and vault maps discovered:
D:1:      arrival_zaba_pyramid, layout_basic, minmay_misc_feat_cross
D:2:      layout_rooms, lemuel_doored_altar, nicolae_overflow_crystal_walls,
          zin_statuary, bloody_makhleb
D:3:      layout_loops_ring, lemuel_crystal_altar, okawaru_gym_becter,
          ebering_ghost_rock_garden, minmay_quantized, uniq_grinder
D:4:      layout_cave_pools, minmay_temple_entry_offerings,
          kennysheep_generic_room_4
Temple:   minmay_temple_curvy_branch

Skill      XL: |  1  2  3  4  5  6  7 |
---------------+----------------------+-----
Maces & Flails | 3 4 5 7 8 |  8.2
Fighting       | |  3.2
Armour         | |  3.2
Shields        | |  3.2

Action                   |  1- 3 |  4- 6 |  7- 9 || total
-------------------------+-------+-------+-------++-------
Melee: Flail             |   128 |   181 |    56 ||   365
  Use: Scroll            |       |     1 |       ||     1
  Eat: Chunk             |       |     5 |     2 ||     7
Armor: Scale mail        |    76 |    91 |    48 ||   215
Dodge: Dodged            |    50 |    38 |    22 ||   110
Block: Kite shield       |    83 |    81 |    39 ||   203

Table legend:
 A = Non-vault XP
 B = Vault XP
 C = Vault XP percentage of total XP
 D = Non-vault monster count
 E = Vault monster count
 F = Vault count percentage of total count
                 A         B        C        D         E       F
            +---------+---------+-------+---------+---------+-------
      Total |     365 |     550 |  60.1 |      59 |       8 |  11.9
            +---------+---------+-------+---------+---------+-------
        D:1 |      27 |       0 |   0.0 |      13 |       0 |   0.0
        D:2 |      80 |       0 |   0.0 |      18 |       0 |   0.0
        D:3 |     108 |     532 |  83.1 |      20 |       7 |  25.9
        D:4 |     150 |      18 |  10.7 |       8 |       1 |  11.1
            +---------+---------+-------+---------+---------+-------
